 Dungeon Crawl Stone Soup version 0.31-a0-210-gccc998df9b (webtiles) character file.

Game seed: 2897684592837957896

26 qw the Shooter (level 3, -5/21 HPs)
             Began as a Gargoyle Hexslinger on June 30, 2023.
             Slain by Terence
             ... wielding a +0 heavy mace
              (14 damage)
             ... on level 2 of the Dungeon.
             The game lasted 00:00:19 (584 turns).

qw the Shooter (Gargoyle Hexslinger)                 Turns: 584, Time: 00:00:19

Health: -5/21      AC:  5    Str: 11    XL:     3   Next: 8%
Magic:  4/4        EV: 12    Int: 13    God:
Gold:   56         SH:  0    Dex: 20    Spells: 3/4 levels left

rFire   . . .        Y - +1 sling
rCold   . . .        (no shield)
rNeg    + . .        c - +0 robe
rPois   inf          (no helmet)
rElec   +            (no cloak)
rCorr   .            (no gloves)
SInv    .            (no boots)
Will    .....        (no amulet)
Stlth   ++           g - +6 ring of dexterity
HPRegen 0.23/turn    (no ring)
MPRegen 0.09/turn

%: no passive effects
@: no status effects
A: sickness immunity, AC +3, negative energy resistance 1, electricity
resistance, torment resistance 1, petrification resistance
a: no special abilities


You were on level 2 of the Dungeon.
You visited 1 branch of the dungeon, and saw 2 of its levels.

You collected 56 gold pieces.


Innate Abilities, Weirdness & Mutations

You are immune to sickness and miasma.
Your stone body is resilient. (AC +3)
You are immune to poison.
You resist negative energy. (rN+)
You are resistant to electric shocks. (rElec)
You are resistant to unholy torment.
You are immune to petrification.


   Skills:
 - Level 2.1 Fighting
 + Level 3.0 Ranged Weapons
 - Level 1.5 Dodging
 - Level 1.0 Spellcasting
 - Level 2.6 Hexes


You had 3 spell levels left.
You knew the following spells:

 Your Spells              Type           Power      Damage    Failure   Level
a - Slow                  Hex            28%        N/A       10%         1

Your spell library contained the following spells:

 Spells                   Type           Power      Damage    Failure   Level
 Inner Flame              Hex/Fire       4%         N/A       43%         3
 Portal Projectile        Hex/Tloc       8%         N/A       43%         3
 Cause Fear               Hex            3%         N/A       67%         4

Inventory:

Hand Weapons
 Y - a +1 sling (weapon)
Armour
 a - a +2 ring mail of fire resistance
 c - a +0 robe (worn)
Jewellery
 g - a +6 ring of dexterity (left hand)
Potions
 h - a potion of curing {unknown}

Dungeon Overview and Level Annotations

Branches:
Dungeon (2/15)

Altars:

Annotations:
D:2 Terence


Message History

The adder bites you.
You shoot a sling bullet. The sling bullet hits the adder!
You kill the adder!
Your Fighting skill increases to level 2!
You have reached level 3!
Your experience leads to an increase in your attributes!
Your base attributes are Str 11, Int 13, Dex 12.
Increase (S)trength, (I)ntelligence, or (D)exterity?
You feel agile. x2
You start resting.
HP restored.
Found an escape hatch in the floor.
You see here an adder corpse.
You see here a +0 ring mail.
Found a stone staircase leading down.
Terence the Incautious comes into view.
He is wielding a +0 heavy mace.
You shoot a sling bullet.
The sling bullet hits Terence but does no damage.
Terence shouts!
You shoot a sling bullet.
The sling bullet hits Terence but does no damage.
A frilled lizard comes into view.
You shoot a sling bullet. The frilled lizard hisses angrily.
The sling bullet hits Terence.
Terence is lightly wounded.
You shoot a sling bullet. The sling bullet hits Terence.
Terence is lightly wounded.
You shoot a sling bullet.
The sling bullet closely misses Terence.
Terence hits you with a +0 heavy mace.
You shoot a sling bullet. The sling bullet hits Terence!
Terence is heavily wounded.
Terence hits you with a +0 heavy mace!
You shoot a sling bullet.
The sling bullet completely misses Terence.
The sling bullet closely misses the frilled lizard.
Terence hits you with a +0 heavy mace!
Ouch! That really hurt!
You die...

..#### .!..# ....
#.##### ... #.#...#
#.#
#.#...###.######.
#.#......@l......
#.#........@.......
#.#....[.##......##
#.#......##..###.#
#.#..%%..##....
#.#..#[.>.#.#.>.
#.#..#.####.#####
#.#..#...##..
##'#........##
#...........


You could see Terence and a frilled lizard.

Vanquished Creatures
  An adder (D:2)
  3 bats (D:1)
  2 endoplasms
  2 giant cockroaches (D:1)
  A goblin (D:1)
  A hobgoblin (D:1)
  A kobold (D:1)
  A quokka (D:1)
  A ball python (D:1)
  A frilled lizard (D:1)
  2 rats
16 creatures vanquished.

Notes
Turn   | Place    | Note
-------+----------+-------------------------------------------
     0 | D:1      | qw the Gargoyle Hexslinger began the quest for the Orb.
     0 | D:1      | Reached XP level 1. HP: 12/12 MP: 2/2
     0 | D:1      | 0 ||| qw: Version: 0.3-a-24-ga2abf7b
     0 | D:1      | 0 ||| qw: Game counter: 7068
     0 | D:1      | 0 ||| qw: Melee chars always use a shield: true
     0 | D:1      | 0 ||| qw: God list: Okawaru
     0 | D:1      | 0 ||| qw: Allow faded altars: false
     0 | D:1      | 0 ||| qw: Do Orc after clearing Dungeon:15 true
     0 | D:1      | 0 ||| qw: Do second Lair branch before Depths: true
     0 | D:1      | 0 ||| qw: Lair rune preference: random
     0 | D:1      | 0 ||| qw: Goals: Normal
     0 | D:1      | 0 ||| PLANNING D:1-11
   340 | D:1      | Reached XP level 2. HP: 16/16 MP: 3/3
   407 | D:1      | Reached skill level 3 in Ranged Weapons
   437 | D:1      | Found a faded altar of an unknown god.
   488 | D:1      | 488 ||| UPGRADING to +6 ring of dexterity.
   489 | D:1      | 489 ||| READING scroll labelled MUADEXI RISOQYKOCS.
   490 | D:1      | 490 ||| READING scroll labelled KIRHIA QIASK.
   491 | D:1      | 491 ||| READING scroll labelled ZUAWKI IXURAP.
   492 | D:1      | 492 ||| DROPPING scroll of poison.
   551 | D:2      | Reached XP level 3. HP: 17/21 MP: 4/4
   577 | D:2      | Noticed Terence
   584 | D:2      | Slain by Terence

Levels and vault maps discovered:
D:1:      evilmike_arrival_rings, layout_basic,
          shapermc_ecumenical_altar_rom_forum, serial_bayou_pond_d
D:2:      layout_basic, serial_curves, eino_curves_03, eino_curves_04,
          uniq_terence, uniq_robin

Skill      XL: |  1  2 |
---------------+-------+-----
Ranged Weapons | 3 |  3.0
Fighting       | 2 |  2.1
Dodging        | |  1.5
Spellcasting   | |  1.0
Hexes          | |  2.6

Action                     || total
---------------------------++-------
   Fire: Sling             ||    68
    Use: Scroll            ||     3
 Armour: Robe              ||     9
  Dodge: Dodged            ||    20

Table legend:
 A = Non-vault XP
 B = Vault XP
 C = Vault XP percentage of total XP
 D = Non-vault monster count
 E = Vault monster count
 F = Vault count percentage of total count
                 A         B        C        D         E       F
            +---------+---------+-------+---------+---------+-------
      Total |      38 |       0 |   0.0 |      16 |       0 |   0.0
            +---------+---------+-------+---------+---------+-------
        D:1 |      22 |       0 |   0.0 |      13 |       0 |   0.0
        D:2 |      16 |       0 |   0.0 |       3 |       0 |   0.0
            +---------+---------+-------+---------+---------+-------
